 Dungeon Crawl Stone Soup version 0.24.0-13-gcf9b319 (webtiles) character file.

Game seed: 5398629523165315954, levelgen mode: deterministic

303 Gingerlord the Skirmisher (level 6, -8/40 HPs)
             Began as a Gargoyle Fighter on Apr 12, 2020.
             Killed by divine providence
             ... invoked by an orc priest
              (13 damage)
             ... on level 4 of the Dungeon.
             The game lasted 00:06:50 (2815 turns).

Gingerlord the Skirmisher (Gargoyle Fighter)        Turns: 2815, Time: 00:06:50

Health: -8/40      AC: 14    Str: 20    XL:     6   Next: 38%
Magic:  6/6        EV:  7    Int:  8    God:
Gold:   207        SH:  9    Dex: 11    Spells: 5/5 levels left

rFire    . . .     SeeInvis .   a - +0 war axe
rCold    + . .     Gourm    .   c - +0 shield
rNeg     + . .     Faith    .   b - +0 scale mail
rPois    ∞         Spirit   .   m - +0 helmet
rElec    +         Reflect  .   l - +0 cloak
rCorr    .         Harm     .   (no gloves)
MR       .....                  (no boots)
Stlth    ..........             (no amulet)
HPRegen  0.13/turn              r - ring of protection from cold
MPRegen  0.10/turn              (no ring)

@: no status effects
A: negative energy resistance 1, electricity resistance, unbreathing,
petrification resistance, rot immunity, AC +4
a: no special abilities


You were on level 4 of the Dungeon.
You were hungry.

You visited 1 branch of the dungeon, and saw 4 of its levels.

You collected 207 gold pieces.

Inventory:

Hand Weapons
 a - a +0 war axe (weapon)
Armour
 b - a +0 scale mail (worn)
 c - a +0 shield (worn)
 l - a +0 cloak (worn)
 m - a +0 helmet (worn)
Jewellery
 r - a ring of protection from cold (left hand)
Scrolls
 d - a scroll of amnesia {unknown}
 g - 2 scrolls of identify
 h - 6 scrolls of remove curse
 o - a scroll of fear {unknown}
 q - a scroll of enchant weapon {unknown}
Potions
 e - a potion of degeneration {unknown}
 i - a potion of haste {unknown}
 j - 4 potions of heal wounds
 k - 2 potions of brilliance {unknown}
 n - a potion of lignification {unknown}
 s - a potion of resistance {unknown}
Comestibles
 f - 12 rations


   Skills:
 + Level 4.8 Fighting
 + Level 3.2 Axes
 + Level 4.7 Armour
 + Level 4.7 Shields


You had 5 spell levels left.
You didn't know any spells.
Your spell library was empty.

Dungeon Overview and Level Annotations

Branches:
Dungeon (4/15)
 Temple: D:4-7

Altars:
Makhleb
Qazlal


Innate Abilities, Weirdness & Mutations

You are resistant to torment.
Your stone body is resilient. (AC +4)
You are immune to poison.
You resist negative energy. (rN+)
You are resistant to electric shocks. (rElec)
You can survive without breathing.
You are immune to petrification.
You are immune to rotting.


Message History

The orc priest barely misses you.
You barely miss the orc priest.
The orc priest is moderately wounded.
The orc priest invokes the aid of Beogh against you.
Beogh smites you!
* * * LOW HITPOINT WARNING * * *
The orc priest hits you but does no damage.
You closely miss the orc priest.
The orc priest is moderately wounded.
The orc priest hits you but does no damage.
Your shield and scale mail prevent you from hitting the orc priest.
The orc priest is moderately wounded.
The orc priest mumbles some strange prayers to Beogh against you.
Pain shoots through your body!
* * * LOW HITPOINT WARNING * * *
Your shield and scale mail prevent you from hitting the orc priest.
The orc priest is moderately wounded.
The orc priest calls down the wrath of Beogh upon you.
Beogh smites you!
You die...

...##....... ..........#
#. ##.........# ##.. #..
#..........##.#... #...
#................. ...#
#................. #..#
#.................
#...##.##..o...........
#...o.####.@..........
##....# #............
..........# #....<..[....
....$..oo.# ##...........
..###....................
. #....................
#.................#..
8..8##.......###..# .
_...._#........ ...


You could see an orc priest.

Vanquished Creatures
  An ogre (D:2)
  An orc priest (D:3)
  Crazy Yiuf (D:3)
  Jessica (D:3)
  Natasha (D:2)
  Robin (D:2)
  2 adders
  An ooze (D:1)
  A worm (D:2)
  2 dart slugs
  A leopard gecko (D:3)
  3 orcs (D:3)
  A ball python (D:2)
  4 bats
  2 giant cockroaches
  8 goblins
  16 hobgoblins
  A jackal (D:1)
  A quokka (D:2)
  3 frilled lizards
  10 kobolds
  10 rats
72 creatures vanquished.

Notes
Turn   | Place    | Note
-------+----------+-------------------------------------------
     0 | D:1      | Gingerlord the Gargoyle Fighter began the quest for the
                  | Orb.
     0 | D:1      | Reached XP level 1. HP: 14/14 MP: 1/1
    77 | D:1      | Reached XP level 2. HP: 19/19 MP: 2/2
   402 | D:1      | Reached XP level 3. HP: 22/23 MP: 3/3
  1375 | D:2      | Noticed Robin
  1396 | D:2      | Killed Robin
  1398 | D:2      | Reached XP level 4. HP: 18/29 MP: 4/4
  1635 | D:2      | Noticed an ogre
  1639 | D:2      | Noticed Natasha
  1645 | D:2      | Killed an ogre
  1645 | D:2      | Reached XP level 5. HP: 6/33 MP: 5/5
  1651 | D:2      | Killed Natasha
  2463 | D:3      | Noticed Jessica
  2469 | D:3      | Killed Jessica
  2537 | D:3      | Reached XP level 6. HP: 39/39 MP: 6/6
  2717 | D:3      | Found a runed translucent door.
  2718 | D:3      | Noticed Crazy Yiuf
  2725 | D:3      | Killed Crazy Yiuf
  2761 | D:4      | Found a stormy altar of Qazlal.
  2761 | D:4      | Found a burning altar of Makhleb.
  2815 | D:4      | Killed from afar by an orc priest

Levels and vault maps discovered:
D:1:      dpeg_arrival_brainrot, layout_basic
D:2:      layout_loops_ring, uniq_natasha, uniq_robin
D:3:      minmay_spotlight, layout_rooms, uniq_crazy_yiuf_cottage, uniq_jessica
D:4:      layout_cave_pools, minitemple, first_ration, minmay_bent

Skill      XL: |  1  2  3  4  5 |
---------------+----------------+-----
Axes           | 2 3 |  3.2
Fighting       | 4 |  4.8
Armour         | 4 |  4.7
Shields        | 4 |  4.7

Action                   |  1- 3 |  4- 6 || total
-------------------------+-------+-------++-------
Melee: War axe           |   108 |   141 ||   249
  Use: Potion            |       |     2 ||     2
       Scroll            |       |     3 ||     3
 Stab: Invisible         |       |     2 ||     2
  Eat: Chunk             |       |     6 ||     6
Armor: Scale mail        |    46 |    80 ||   126
Dodge: Dodged            |    27 |    44 ||    71
Block: Shield            |    43 |    71 ||   114
